 Dungeon Crawl Stone Soup version 0.29.1-13-g9f3cf754e1 (webtiles) character file.

Game seed: 5520525503481026804

12823 croobank the Destroyer (level 11, -5/85 HPs)
             Began as a Demonspawn Conjurer on Jan 24, 2023.
             Killed by divine providence
             ... invoked by an orc priest
              (13 damage)
             ... on level 11 of the Dungeon on Jan 25, 2023.
             The game lasted 00:53:33 (15920 turns).

croobank the Destroyer (Demonspawn Conjurer)       Turns: 15920, Time: 00:53:34

Health: -5/85      AC: 11    Str: 15    XL:     11   Next: 67%
Magic:  11/22      EV: 18    Int: 25    God:
Gold:   902        SH:  4    Dex: 11    Spells: 15/25 levels left

rFire   . . .      SeeInvis .   w - staff of conjuration
rCold   . . .      Faith    .   (no shield)
rNeg    . . .      Spirit   .   n - +0 steam dragon scales
rPois   .          Reflect  .   x - +1 helmet
rElec   .          Harm     .   O - +0 cloak
rCorr   .          Rampage  .   k - +2 pair of gloves
Will    .....                   (no boots)
Stlth   ++++......              D - amulet of magic regeneration
HPRegen 0.24/turn               C - +6 ring of strength
MPRegen 0.58/turn               F - +4 ring of evasion

@: no status effects
A: foul stench 2, big brain 1, condensation shield, demonic touch 1
a: no special abilities


You were on level 11 of the Dungeon.
You visited 1 branch of the dungeon, and saw 11 of its levels.

You collected 902 gold pieces.

Inventory:

Hand Weapons
 a - a +3 dagger
 d - a +0 long sword of draining
 e - a +2 dagger of venom
 i - a +0 short sword
 m - a +0 vorpal spear
 o - a +4 spear of venom
 s - a +2 hand axe of electrocution
 t - a +1 great sword of electrocution
 v - a +0 scimitar
 A - a +0 vampiric dagger
 P - a +1 demon whip of venom
 Q - a +0 arbalest
Missiles
 j - 5 boomerangs
 q - 4 throwing nets
Armour
 k - a +2 pair of gloves (worn)
 n - +0 steam dragon scales (worn)
 r - the +7 Kryia's mail coat {PotionHeal*2 rC+}
   (You found it on level 3 of the Dungeon)

   Potions are twice as effective at healing its wearer.
   rC:        It protects you from cold.
 x - a +1 helmet (worn)
 O - a +0 cloak (worn)
Magical Staves
 w - a staff of conjuration (weapon)
Jewellery
 y - a +6 ring of dexterity
 C - a +6 ring of strength (left hand)
 D - an amulet of magic regeneration (around neck)
 F - a +4 ring of evasion (right hand)
 G - a ring of positive energy
 J - a +6 ring of dexterity
Wands
 H - a wand of iceblast (13)
 L - a wand of quicksilver (5)
 N - a wand of polymorph (9)
Scrolls
 f - 5 scrolls of teleportation
 h - 4 scrolls of noise
 B - a scroll of enchant armour {unknown}
 I - 2 scrolls of silence
 K - a scroll of vulnerability
 S - a scroll of butterflies {unknown}
Potions
 b - 2 potions of brilliance
 c - a potion of invisibility
 g - 4 potions of attraction
 l - 5 potions of mutation
 p - a potion of resistance
 u - 3 potions of flight
 z - 3 potions of cancellation
 R - a potion of curing


   Skills:
 + Level 7.7 Fighting
 + Level 7.6 Dodging
 + Level 8.3 Stealth
 + Level 7.7 Spellcasting
 + Level 9.1 Conjurations
 - Level 6.0 Hexes


You had 15 spell levels left.
You knew the following spells:

 Your Spells              Type           Power      Damage    Failure   Level
a - Magic Dart            Conj           100%       1d8       1%          1
b - Searing Ray           Conj           100%       2d8       1%          2
c - Dazzling Flash        Conj/Hex       100%       N/A       1%          3
d - Fulminant Prism       Conj/Hex       31%        3d16      2%          4

Your spell library contained the following spells:

 Spells                   Type           Power      Damage    Failure   Level
 Iskenderun's Mystic Bla  Conj/Tloc      48%        2d11      10%         4
 Ozocubu's Armour         Ice            9%         N/A       19%         3
 Conjure Ball Lightning   Conj/Air       24%        3x3d7     82%         6
 Ozocubu's Refrigeration  Ice            4%         4d8       100%        7
 Discord                  Hex            19%        N/A       100%        8
 Disjunction              Tloc           4%         N/A       100%        8


Dungeon Overview and Level Annotations

Branches:
Dungeon (11/15)            Temple (0/1) D:4            Lair (0/5) D:10
    Orc (0/2) D:9

Altars:
Ashenzari
Dithmenos
Gozag
Nemelex Xobeh
Okawaru
Qazlal
Ru
Sif Muna
Trog

Annotations:
D:6 3 runed translucent doors, Sanktem7's ghost, novice MiFi
D:7 2 transporters


Innate Abilities, Weirdness & Mutations

You sometimes emit foul miasma when damaged in melee.
You have an unusually large brain. (Int +2)
A meltable shield of frost defends you. (SH +4)
Your touch may inflict minor irresistible damage on your foes.


Message History

Press: ? - help, Shift-Dir - straight line, f - boulder beetle
Aim: a boulder beetle (moderately wounded, ally target, 100% to hit)
You feel a surge of power!
The searing ray hits the manticore!
The manticore is almost dead.
The searing ray hits the boulder beetle but does no damage.
The boulder beetle is moderately wounded. (Press . to maintain the ray.)
The manticore is engulfed in dark miasma.
The manticore looks even sicker.
The manticore seems to slow down.
You kill the manticore!
Your fulminant prism crackles loudly.
The searing ray hits the boulder beetle.
The boulder beetle is heavily wounded.
The boulder beetle curls into a ball and begins rolling!
Your fulminant prism explodes!
The blast of energy engulfs the boulder beetle!!
The boulder beetle is almost dead.
The blast of energy engulfs the orc warrior.
The orc warrior is moderately wounded.
The searing ray hits the boulder beetle!
The boulder beetle is almost dead.
The searing ray hits the orc warrior but does no damage.
The orc warrior is moderately wounded.
The searing ray hits the boulder beetle but does no damage.
The boulder beetle is almost dead.
The searing ray hits the orc warrior.
The orc warrior is moderately wounded.
You finish channelling your searing ray.
An orc priest comes into view. It is wielding a +0 dagger.
The boulder beetle hits you!!!
Ouch! That really hurt!
* * * LOW HITPOINT WARNING * * *
The boulder beetle stops rolling and uncurls.
Okay, then.
You feel much better. The boulder beetle bites you!!
* * * LOW HITPOINT WARNING * * *
The orc warrior barely misses you.
The orc priest mumbles some strange prayers to Beogh against you.
Beogh smites you!
You die...

......<.. ......... ..........
###########o...°.)....
##....@○o..............
####......B...... .).c...
##..........###### #...#
#...........# #...# #...........#
#...# #######†..........# #...#
.....†.(..........###########...#
....................(.......)....
......................######.....


You could see a boulder beetle, an orc warrior and an orc priest.

Vanquished Creatures
  4 two-headed ogres
  Amaemon (D:8)
  Lodul (D:10)
  A manticore (D:11)
  A cyclops (D:11)
  Maurice (D:8)
  An orange demon (D:8)
  2 kobold demonologists (D:9)
  A hornet (D:10)
  Sigmund (D:3)
  A wraith (D:10)
  A wyvern (D:8)
  9 yaks (D:10)
  4 vampire mosquitoes (D:11)
  A steam dragon (D:7)
  5 orc warriors
  5 black bears
  4 centaurs
  9 ogres (D:10)
  3 phantoms
  2 necrophages
  3 bullfrogs (D:7)
  3 gnoll sergeants
  4 kobold brigands
  3 scorpions
  9 wights
  An electric eel (D:7)
  5 howler monkeys
  2 lava snakes (D:8)
  3 orc priests
  4 gnoll boudas
  A hound (D:6)
  Jessica (D:2)
  7 iguanas
  8 orc wizards
  29 gnolls
  5 adders
  4 white imps
  4 ufetubi
  3 worms
  A dart slug (D:1)
  22 orcs
  4 endoplasms
  4 giant cockroaches
  4 goblins
  8 hobgoblins
  5 jackals
  28 kobolds
  2 quokkas
  6 ball pythons
  5 bats
  3 frilled lizards (D:1)
  7 rats
  2 fulminant prisms
258 creatures vanquished.

Vanquished Creatures (others)
  A shadow imp (D:7)
  11 demonic plants (D:8)
  70 fulminant prisms
  6 plants (D:7)
88 creatures vanquished.

Grand Total: 346 creatures vanquished

Notes
Turn   | Place    | Note
-------+----------+-------------------------------------------
     0 | D:1      | croobank the Demonspawn Conjurer began the quest for the
                  | Orb.
     0 | D:1      | Reached XP level 1. HP: 13/13 MP: 3/3
   468 | D:1      | Gained mutation: A meltable shield of frost defends you.
                  | (SH +4) [demonic ancestry]
   468 | D:1      | Reached XP level 2. HP: 9/19 MP: 1/5
  1539 | D:2      | Found a faded altar of an unknown god.
  1548 | D:2      | Reached XP level 3. HP: 9/24 MP: 4/6
  1895 | D:2      | Learned a level 3 spell: Dazzling Flash
  1962 | D:2      | Learned a level 2 spell: Searing Ray
  2007 | D:2      | Noticed Jessica
  2427 | D:2      | Killed Jessica
  2428 | D:2      | Gained mutation: You have an unusually large brain. (Int
                  | +2) [demonic ancestry]
  2428 | D:2      | Reached XP level 4. HP: 30/30 MP: 4/8
  3440 | D:3      | Found the +7 Kryia's mail coat {PotionHeal*2 rC+}
  3484 | D:3      | Found a broken altar of Ashenzari.
  3841 | D:3      | Noticed Sigmund
  3858 | D:3      | Killed Sigmund
  3859 | D:3      | Reached skill level 1 in Fighting
  3859 | D:3      | Reached skill level 1 in Hexes
  3859 | D:3      | Reached XP level 5. HP: 20/37 MP: 5/9
  3859 | D:3      | Gained mutation: You may rarely emit foul miasma when
                  | damaged in melee. [demonic ancestry]
  3859 | D:3      | Reached XP level 6. HP: 23/43 MP: 5/10
  4007 | D:3      | Found a sacrificial altar of Ru.
  4203 | D:4      | Reached skill level 5 in Conjurations
  4382 | D:4      | Found a staircase to the Ecumenical Temple.
  4727 | D:4      | Reached XP level 7. HP: 49/49 MP: 5/12
  4891 | D:5      | Entered Level 5 of the Dungeon
  6190 | D:5      | Found a shadowy altar of Dithmenos.
  6193 | D:5      | Found an opulent altar of Gozag.
  6197 | D:5      | Found a shimmering blue altar of Sif Muna.
  6456 | D:6      | Gained mutation: You sometimes emit foul miasma when
                  | damaged in melee. [demonic ancestry]
  6456 | D:6      | Reached XP level 8. HP: 58/58 MP: 5/14
  6815 | D:6      | Found an iron altar of Okawaru.
  6962 | D:6      | Found a stormy altar of Qazlal.
  7008 | D:6      | Reached skill level 6 in Conjurations
  7189 | D:6      | Found a runed translucent gate.
  7189 | D:6      | Found a runed translucent gate.
  7189 | D:6      | Found a runed translucent gate.
  7190 | D:6      | Identified the +0 chain mail of the Shrike {rPois rF-
                  | Int+4}
  7191 | D:6      | Noticed Sanktem7's ghost (novice MiFi)
  7555 | D:7      | Found a transporter.
  7659 | D:7      | Found a transporter.
  7670 | D:7      | Identified the +9 spear "Iliq" {venom, rC+ Stlth+}
  7704 | D:7      | Reached skill level 5 in Stealth
  8206 | D:7      | Gained mutation: Your touch may inflict minor irresistible
                  | damage on your foes. [demonic ancestry]
  8206 | D:7      | Reached XP level 9. HP: 58/65 MP: 9/16
  8314 | D:7      | Learned a level 4 spell: Fulminant Prism
  8350 | D:7      | Reached skill level 5 in Spellcasting
  8392 | D:7      | Reached skill level 5 in Dodging
  8855 | D:7      | HP: 3/66 [poisoned by a gnoll sergeant]
 10248 | D:8      | Noticed a two-headed ogre
 10258 | D:8      | Noticed Maurice
 10264 | D:8      | Reached skill level 5 in Hexes
 10266 | D:8      | Killed a two-headed ogre
 10267 | D:8      | Reached skill level 5 in Fighting
 10267 | D:8      | Reached skill level 7 in Conjurations
 10269 | D:8      | Killed Maurice
 10270 | D:8      | Reached XP level 10. HP: 74/74 MP: 3/18
 10347 | D:8      | Noticed a two-headed ogre
 10354 | D:8      | Killed a two-headed ogre
 10577 | D:8      | Noticed Amaemon
 10591 | D:8      | Killed Amaemon
 10593 | D:8      | Noticed an orange demon
 11632 | D:8      | Noticed a two-headed ogre
 11647 | D:8      | Killed a two-headed ogre
 12017 | D:8      | You fall into a shaft and drop 1 floor!
 12468 | D:8      | Found a sparkling altar of Nemelex Xobeh.
 12615 | D:8      | Killed an orange demon
 12616 | D:8      | Reached skill level 8 in Conjurations
 13172 | D:9      | Found a staircase to the Orcish Mines.
 13360 | D:10     | Entered Level 10 of the Dungeon
 13396 | D:10     | Reached XP level 11. HP: 68/83 MP: 4/21
 13625 | D:10     | Noticed a two-headed ogre
 13625 | D:10     | Found a staircase to the Lair.
 14118 | D:10     | Noticed Lodul
 14130 | D:10     | Killed Lodul
 14519 | D:10     | Found a bloodstained altar of Trog.
 14538 | D:10     | Killed a two-headed ogre
 15394 | D:11     | Reached skill level 9 in Conjurations
 15529 | D:11     | Noticed a boulder beetle
 15920 | D:11     | Killed from afar by an orc priest

Illustrated notes

Levels and vault maps discovered:
D:1:      dpeg_arrival_court, layout_loops_ring
D:2:      layout_rooms, hellmonk_ecumenical_altar_pennies_from_heaven,
          uniq_jessica
D:3:      layout_loops_cross, mainiacjoe_overflow_brackets,
          nicolae_ru_path_of_blood, uniq_sigmund
D:4:      layout_cave_pools, minmay_temple_entry_large_hall
D:5:      layout_loops_corners, grunt_temple_overflow_diamond,
          nicolae_elevator_lobby_plus
D:6:      layout_basic, grunt_qazlal_clouds, kennysheep_little_box,
          biasface_ghost_orc_armoury, hangedman_decor_growths
D:7:      layout_loops_ring, gammafunk_ghost_gnarly_gnolls,
          amcnicky_mini_pool_medium
D:8:      layout_layer_cave, lemuel_coloured_pillars_altar, serial_demonic,
          serial_demonic_a, serial_demonic_g, serial_demonic_e,
          serial_demonic_g, nicolae_eternal_life, kennysheep_donut,
          uniq_maurice, uniq_amaemon
D:9:      layout_gridville, orc_0_dummy
D:10:     layout_basic, trog_book, lair_entry_dummy, uniq_lodul
D:11:     due_megacathedral, layout_long_grid, minivault_12

Skill      XL: |  1  2  3  4  5  6  7  8  9 10 11 |
---------------+----------------------------------+-----
Stealth        | 2 3 4 5 6 7 8 |  8.3
Dodging        | 2 3 4 5 6 7 |  7.6
Fighting       | 1 3 4 5 6 7 |  7.7
Spellcasting   | 3 4 5 6 7 |  7.7
Hexes          | 1 2 3 4 5 6 |  6.0
Conjurations   | 5 6 7 8 9 |  9.1

Action                   |  1- 3 |  4- 6 |  7- 9 | 10-12 || total
-------------------------+-------+-------+-------+-------++-------
Melee: Unarmed           |     5 |       |       |       ||     5
       Long sword        |    63 |     7 |       |       ||    70
       Dagger            |       |    13 |       |       ||    13
       Staff             |       |     2 |    14 |    23 ||    39
       Touch             |       |       |       |     5 ||     5
 Cast: Magic Dart        |    38 |    23 |    66 |    52 ||   179
       Dazzling Flash    |     2 |     4 |     7 |    10 ||    23
       Searing Ray       |     1 |    19 |    78 |    55 ||   153
       Fulminant Prism   |       |       |     7 |    65 ||    72
Evoke: Wand              |       |       |     2 |       ||     2
  Use: Scroll            |     1 |       |     8 |    14 ||    23
       Potion            |       |     3 |     2 |     3 ||     8
 Stab: Sleeping          |     2 |     1 |       |       ||     3
       Invisible         |       |     2 |     1 |     2 ||     5
Armor: Robe              |    22 |    13 |     5 |       ||    40
       Steam dragon scal |       |       |     4 |    32 ||    36
Dodge: Dodged            |    70 |    23 |    92 |   135 ||   320
Block: Other             |    16 |     5 |    17 |    23 ||    61
